 Dungeon Crawl Stone Soup version 0.24-a0-252-g5076262 (webtiles) character file.

Game seed: 1572541835478321540

333 Hasart the Cutter (level 6, 0/37 HPs)
             Began as a Kobold Gladiator on Apr 18, 2019.
             Was a Follower of Ru.
             Succumbed to a scorpion's poison
             ... on level 4 of the Dungeon.
             The game lasted 00:08:51 (4564 turns).

Hasart the Cutter (Kobold Gladiator)                Turns: 4564, Time: 00:08:52

Health: 0/37       AC:  4    Str: 13    XL:     6   Next: 83%
Magic:  6/6        EV: 17    Int:  9    God:    Ru [*.....]
Gold:   90         SH:  0    Dex: 17    Spells: 5/5 levels left

rFire    . . .     SeeInvis .   a - +0 rapier
rCold    . . .     Gourm    .   (shield restricted)
rNeg     . . .     Faith    .   l - +0 robe (curse)
rPois    .         Spirit   .   c - +1 helmet
rElec    .         Reflect  .   (no cloak)
rCorr    .         Harm     .   (no gloves)
MR       .....                  (no boots)
Stlth    +++.......             (no amulet)
HPRegen  0.12/turn              (no ring)
MPRegen  0.10/turn              (no ring)

@: lethally poisoned (0 -> -16)
A: small, carnivore, no air magic, no hexes magic, no summoning magic
a: Renounce Religion


You were on level 4 of the Dungeon.
You worshipped Ru.
Ru was aware of your devotion.
You were completely stuffed.

You visited 1 branch of the dungeon, and saw 4 of its levels.

You collected 90 gold pieces.

Inventory:

Hand Weapons
 a - a +0 rapier (weapon)
Missiles
 d - 3 throwing nets (quivered)
Armour
 b - a +0 leather armour
 c - a +1 helmet (worn)
 l - a cursed +0 robe (worn)
 m - a +0 leather armour of poison resistance
Wands
 i - a wand of paralysis (9)
Scrolls
 j - a scroll of amnesia
 k - 3 scrolls of identify
 n - a scroll of random uselessness
 q - a scroll of enchant weapon {unknown}
 t - 2 scrolls of remove curse {unknown}
Potions
 g - 2 potions of degeneration
 p - a potion of brilliance
 r - a potion of agility
 s - a potion of resistance {unknown}
 u - a potion of flight {unknown}
 v - a potion of berserk rage {unknown}
Comestibles
 f - 8 rations


   Skills:
 + Level 3.5 Fighting
 * Level 6.3 Short Blades
 - Level 2.1 Throwing
 + Level 1.7 Armour
 + Level 4.8 Dodging
 + Level 3.3 Stealth
 + Level 0.0 Evocations


You had 5 spell levels left.
You didn't know any spells.
Your spell library contained the following spells:

 Spells                   Type           Power        Failure   Level  Hunger
 Magic Dart               Conj           #...         38%         1    ##.....
 Searing Ray              Conj           #.....       52%         2    ###....
 Force Lance              Conj/Tloc      #.......     99%         4    #####..
 Iskenderun's Mystic Bla  Conj           #.......     99%         4    #####..
 Dazzling Spray           Conj/Hex       Unusable     N/A         3    N/A
 Fulminant Prism          Conj/Hex       Unusable     N/A         4    N/A

Dungeon Overview and Level Annotations

Branches:
Dungeon (4/15)
 Temple: D:4-7

Altars:
Ru

Annotations:
D:4 Blork the orc


Innate Abilities, Weirdness & Mutations

You are small and have problems with some larger weapons.
You are carnivorous and can eat meat at any time.
You cannot study or cast Air magic.
You cannot study or cast Hexes magic.
You cannot study or cast Summoning magic.


Message History

You feel sick. Blork the orc misses you. The scorpion stings you.
You closely miss Blork the orc.
Blork the orc is severely wounded.
You feel sick.
Blork the orc casts a spell.
Blork the orc flickers and vanishes!
Deactivating autopickup; reactivate with Ctrl-A.
The scorpion stings you.
* * * LOW HITPOINT WARNING * * *
You are more poisoned.
The scorpion poisons you!
* * * LOW HITPOINT WARNING * * *
You feel sick.
* * * LOW HITPOINT WARNING * * *
You feel sick.
Okay, then.
* * * LOW HITPOINT WARNING * * *
You feel sick. The scorpion closely misses you.
You hit something.
You die...

.# .#
###############.#
#......<.)@{..#.#
#.##......#s....#
#.......#.....#
#.........#.....#
....####+##.....#
#### #.....#
#....<#########
#.............#
###)#########.#


You could see a scorpion.

Vanquished Creatures
  2 orc wizards
  An orc priest (D:3)
  Robin (D:2)
  2 gnolls
  7 adders
  An ooze (D:2)
  A worm (D:2)
  3 dart slugs
  2 leopard geckos
  15 orcs
  10 bats
  8 giant cockroaches
  24 goblins
  17 hobgoblins
  6 kobolds
  2 quokkas (D:2)
  3 frilled lizards
  7 rats
112 creatures vanquished.

Notes
Turn   | Place    | Note
-------+----------+-------------------------------------------
     0 | D:1      | Hasart the Kobold Gladiator began the quest for the Orb.
     0 | D:1      | Reached XP level 1. HP: 12/12 MP: 1/1
   428 | D:1      | Reached XP level 2. HP: 17/17 MP: 2/2
   655 | D:1      | Reached skill level 1 in Stealth
   699 | D:1      | Reached XP level 3. HP: 20/22 MP: 3/3
  1318 | D:2      | Reached XP level 4. HP: 27/27 MP: 4/4
  1339 | D:2      | Found a sacrificial altar of Ru.
  1349 | D:2      | Reached skill level 5 in Short Blades
  1349 | D:2      | Reached skill level 1 in Armour
  1370 | D:2      | Became a worshipper of Ru the Awakened
  1529 | D:2      | Reached XP level 5. HP: 21/32 MP: 5/5
  1603 | D:2      | Noticed Robin
  2023 | D:2      | Killed Robin
  2710 | D:3      | Gained mutation: You cannot study or cast Air magic. [Ru
                  | sacrifice]
  2710 | D:3      | Gained mutation: You cannot study or cast Hexes magic. [Ru
                  | sacrifice]
  2710 | D:3      | Gained mutation: You cannot study or cast Summoning magic.
                  | [Ru sacrifice]
  2710 | D:3      | Reached * piety under Ru
  2782 | D:3      | Reached XP level 6. HP: 33/37 MP: 6/6
  3117 | D:3      | Reached skill level 6 in Short Blades
  4487 | D:4      | Noticed Blork the orc
  4563 | D:4      | HP: 1/37 [poisoned by a scorpion]
  4564 | D:4      | Succumbed to a scorpion's poison

Levels and vault maps discovered:
D:1:      onia_arrival_mini_spirals, layout_loops_corners
D:2:      layout_basic, nicolae_ru_great_annihilating_truth, first_ration,
          uniq_robin
D:3:      layout_basic, minmay_goblin_kobold_house
D:4:      minmay_opposing_rooms, layout_basic, uniq_blork_the_orc

Skill      XL: |  1  2  3  4  5  6 |
---------------+-------------------+-----
Stealth        | 1 2 3 |  3.3
Dodging        | 4 |  4.8
Short Blades   | 5 6 |  6.3
Armour         | 1 |  1.7
Fighting       | 3 |  3.5
Throwing       | |  2.1

Action                   |  1- 3 |  4- 6 || total
-------------------------+-------+-------++-------
Melee: Rapier            |   102 |   245 ||   347
Invok: Sacrifice Arcana  |       |     1 ||     1
  Use: Potion            |       |     4 ||     4
       Scroll            |       |     6 ||     6
 Stab: Sleeping          |     6 |    13 ||    19
       Paralysed         |       |     1 ||     1
       Distracted        |       |     2 ||     2
  Eat: Chunk             |    10 |    10 ||    20
Armor: Leather armour    |     8 |       ||     8
       Robe              |     2 |    26 ||    28
Dodge: Dodged            |    79 |   195 ||   274

Table legend:
 A = Non-vault XP
 B = Vault XP
 C = Vault XP percentage of total XP
 D = Non-vault monster count
 E = Vault monster count
 F = Vault count percentage of total count
                 A         B        C        D         E       F
            +---------+---------+-------+---------+---------+-------
      Total |     374 |     103 |  21.6 |      87 |      25 |  22.3
            +---------+---------+-------+---------+---------+-------
        D:1 |      34 |       0 |   0.0 |      18 |       0 |   0.0
        D:2 |      72 |      87 |  54.7 |      26 |      17 |  39.5
        D:3 |     171 |      16 |   8.6 |      35 |       8 |  18.6
        D:4 |      97 |       0 |   0.0 |       8 |       0 |   0.0
            +---------+---------+-------+---------+---------+-------
